 Dungeon Crawl Stone Soup version 0.18.1-5-g4a78601 (webtiles) character file.

9571 Ingvold the Grappler (level 11, -2/113 HPs)
             Began as a Troll Berserker on May 13, 2016.
             Was a High Priest of Trog.
             Slain by an orc warrior
             ... wielding a cursed -1 war axe
              (17 damage)
             ... on level 1 of the Orcish Mines.
             The game lasted 00:32:19 (7292 turns).

Ingvold the Grappler (Troll Berserker)              Turns: 7292, Time: 00:32:19

Health: -2/113     AC: 13    Str: 28    XL:     11   Next: 24%
Magic:  11/11      EV: 13    Int:  3    God:    Trog [*****.]
Gold:   816        SH:  0    Dex: 13    Spells: 0 memorised, 10 levels left

rFire  . . .     SeeInvis .       - Unarmed
rCold  . . .     Gourm    +     J - troll hide
rNeg   . . .     Faith    .     (no shield)
rPois  .         Spirit   .     D - +2 hat
rElec  .         Dismiss  .     x - +2 cloak
rCorr  .         Reflect  .     (gloves unavailable)
SustAt .         Harm     .     (boots unavailable)
MR     ++...                    e - amulet of magic regeneration
Stlth  +.........               l - +2 ring of dexterity
                                q - +3 ring of protection

@: exhausted, regenerating, slowed, very slow, very resistant to hostile
enchantments, very unstealthy
A: unfitting armour, claws 3, fast metabolism 3, gourmand, regeneration 2,
shaggy fur 1, tough skin 2
a: Berserk, Trog's Hand, Brothers in Arms, Burn Spellbooks, Renounce Religion


You were on level 1 of the Orcish Mines.
You worshipped Trog.
Trog was extremely pleased with you.
You were very full.

You visited 2 branches of the dungeon, and saw 11 of its levels.

You collected 816 gold pieces.

Inventory:

Missiles
 G - 7 large rocks (quivered)
Armour
 a - a +0 animal skin
 x - a +2 cloak (worn)
 D - a +2 hat (worn)
 J - a troll hide (worn)
Jewellery
 e - an amulet of magic regeneration (around neck)
 l - a +2 ring of dexterity (right claw)
 q - a +3 ring of protection (left claw)
Wands
 j - a wand of digging (8/24)
 p - a wand of acid (5/15)
 y - a wand of flame (26/48)
 E - a wand of digging (17/24)
 H - a wand of flame (25/48)
Scrolls
 g - 5 scrolls of recharging
 n - a scroll of identify
 u - a scroll of brand weapon {unknown}
 K - a scroll of remove curse
Potions
 c - 2 potions of cure mutation {unknown}
 d - a potion of agility
 h - a potion of flight
 i - 2 potions of magic
 m - 4 potions of curing
 o - 4 potions of brilliance {unknown}
 r - a potion of cancellation {unknown}
 s - 3 potions of haste {unknown}
 v - 2 potions of degeneration {unknown}
 w - 2 potions of might {unknown}
 A - a potion of berserk rage {unknown}
 C - a potion of lignification {unknown}
 I - a potion of ambrosia {unknown}
Miscellaneous
 L - a phial of floods
Comestibles
 b - 6 bread rations
 f - 3 beef jerkies
 k - a royal jelly
 t - 5 meat rations
 z - 6 fruits
 B - 2 slices of pizza


   Skills:
 * Level 8.6 Fighting
 - Level 3.3 Throwing
 + Level 3.0 Armour
 + Level 7.7 Dodging
 - Level 0.2 Stealth
 * Level 11.5 Unarmed Combat
 + Level 2.6 Evocations


You had 10 spell levels left.
You didn't know any spells.

Dungeon Overview and Level Annotations

Branches:
Dungeon (9/15)             Temple (0/1) D:6             Orc (2/2) D:9
   Lair: D:8-11         Elf: Orc:2

Altars:
Cheibriados
Dithmenos
Fedhas
Kikubaaqudgha
Makhleb
Nemelex Xobeh
Okawaru
Pakellas
Ru
Sif Muna
Yredelemnul
Zin
The Shining One

Shops:
D:3 *   D:4 *!!   D:5 %   D:7 }


Innate Abilities, Weirdness & Mutations

You are too large for most types of armour.
You have claws for hands.
Your metabolism is lightning-fast.
You like to eat raw meat.
You heal very quickly.
You are covered in fur (AC +1).
You have very tough skin (AC +2).


Message History

You mangle the orc warrior!!
The orc warrior is heavily wounded.
The warg bites you! The orc warrior closely misses you.
The warg bites you but does no damage.
You scratch the orc warrior but do no damage.
The orc warrior is heavily wounded.
The orc warrior hits you with an enchanted war axe!
* * * LOW HITPOINT WARNING * * *
The warg bites you.
* * * LOW HITPOINT WARNING * * *
You claw the orc warrior!
The orc warrior is almost dead.
The warg barely misses you.
The orc warrior hits you with an enchanted war axe!!
* * * LOW HITPOINT WARNING * * *
The warg bites you but does no damage.
You closely miss the orc warrior.
The orc warrior is almost dead.
The orc warrior hits you with an enchanted war axe!
You die...

### ############### ### ###
##.####.##...#..#.#.###.###.####
#...##.......................#.#
###..#...........h...............
#.#............o@........#.......
...........................##....
#.....#..#..................#..#.
......#........#.......))......#[
.....###..............[[)........
.#..####.........................
#....##......#....#...#.#........
....####.........#.....##.......#
...## ###............####....#.#


You could see a warg and an orc warrior.

Vanquished Creatures
  2 cyclopes (D:9)
  2 trolls (D:9)
  Prince Ribbit (D:5)
  Eustachio (D:5)
  2 hippogriffs
  A hungry ghost (D:7)
  2 wargs
  Edmund (D:5)
  2 water moccasins
  2 ice beasts
  6 orc warriors
  A black bear (D:6)
  A sky beast (D:8)
  6 ogres
  2 centaurs (D:6)
  A phantom (D:5)
  3 giant frogs
  4 scorpions
  9 wights
  3 howler monkeys (D:8)
  2 crimson imps
  A jelly (D:9)
  Crazy Yiuf (D:3)
  4 hounds
  8 orc priests
  Natasha (thrice) (D:3)
  An iguana (D:9)
  Ijyb (D:2)
  7 orc wizards
  3 worker ants
  3 sheep (D:9)
  A hound skeleton (D:8)
  Robin (D:3)
  12 adders
  8 gnolls
  2 oozes
  3 worms (D:2)
  2 dart slugs
  5 giant geckos
  50 orcs
  4 bats
  9 giant cockroaches
  7 hobgoblins
  14 jackals
  A quokka (D:5)
  A ball python (D:4)
  A ball python skeleton (D:4)
  A giant gecko skeleton (D:5)
  6 giant newts
  22 goblins
  A jackal zombie (D:8)
  10 kobolds
  9 rats
256 creatures vanquished.

Vanquished Creatures (collateral kills)
  2 orc knights (Orc:2)
  2 wargs (Orc:2)
  An orc (Orc:2)
5 creatures vanquished.

Grand Total: 261 creatures vanquished

Notes
Turn   | Place    | Note
--------------------------------------------------------------
     0 | D:1      | Ingvold the Troll Berserker began the quest for the Orb.
     0 | D:1      | Reached XP level 1. HP: 22/22 MP: 0/0
   169 | D:1      | Reached XP level 2. HP: 28/29 MP: 1/1
   385 | D:1      | Reached XP level 3. HP: 36/36 MP: 2/2
   513 | D:1      | Reached ** piety under Trog
   722 | D:2      | Noticed Ijyb
   731 | D:2      | Killed Ijyb
   739 | D:2      | Reached XP level 4. HP: 45/45 MP: 3/3
   740 | D:2      | Reached skill level 4 in Unarmed Combat
  1251 | D:3      | Noticed Robin
  1258 | D:3      | Reached *** piety under Trog
  1262 | D:3      | Killed Robin
  1262 | D:3      | Reached XP level 5. HP: 53/53 MP: 4/4
  1378 | D:3      | Found Zin's Purification Station.
  1381 | D:3      | Found a glowing silver altar of Zin.
  1381 | D:3      | Noticed Natasha
  1384 | D:3      | Killed Natasha
  1384 | D:3      | Received a gift from Trog
  1637 | D:3      | Noticed Natasha
  1641 | D:3      | Killed Natasha
  1641 | D:3      | Reached XP level 6. HP: 62/62 MP: 5/5
  1655 | D:3      | Reached **** piety under Trog
  1660 | D:3      | Noticed Natasha
  1664 | D:3      | Killed Natasha
  1769 | D:3      | Noticed Crazy Yiuf
  1778 | D:3      | Killed Crazy Yiuf
  1778 | D:3      | Reached skill level 5 in Unarmed Combat
  2200 | D:4      | Found a sparkling altar of Nemelex Xobeh.
  2231 | D:4      | Found an ancient bone altar of Kikubaaqudgha.
  2246 | D:4      | Found Ykhaderr's General Store.
  2287 | D:4      | Found Zysynnic's Distillery.
  2360 | D:4      | Found a sacrificial altar of Ru.
  2685 | D:4      | Reached XP level 7. HP: 69/70 MP: 6/6
  2793 | D:4      | Found Taax's Distillery.
  3167 | D:5      | Entered Level 5 of the Dungeon
  3244 | D:5      | Found Syonimerri's Food Shoppe.
  3304 | D:5      | Found an oddly glowing altar of Pakellas.
  3327 | D:5      | Noticed Prince Ribbit
  3368 | D:5      | Found a basalt altar of Yredelemnul.
  3481 | D:5      | Noticed Eustachio
  3489 | D:5      | Killed Eustachio
  3489 | D:5      | Reached skill level 6 in Unarmed Combat
  3515 | D:5      | Found a sparkling altar of Nemelex Xobeh.
  3656 | D:5      | Noticed Edmund
  3665 | D:5      | Killed Edmund
  3798 | D:5      | Killed Prince Ribbit
  3798 | D:5      | Reached skill level 5 in Fighting
  3798 | D:5      | Reached XP level 8. HP: 80/80 MP: 7/7
  3809 | D:5      | Found a deep blue altar of Sif Muna.
  3921 | D:5      | Found a snail-covered altar of Cheibriados.
  3922 | D:5      | Found an iron altar of Okawaru.
  3937 | D:5      | Reached skill level 5 in Dodging
  3937 | D:5      | Reached skill level 7 in Unarmed Combat
  4119 | D:6      | Found a burning altar of Makhleb.
  4198 | D:6      | Found a staircase to the Ecumenical Temple.
  4368 | D:6      | Found a glowing golden altar of the Shining One.
  4368 | D:6      | Found a blossoming altar of Fedhas.
  4391 | D:6      | Reached ***** piety under Trog
  4426 | D:6      | Reached skill level 8 in Unarmed Combat
  4666 | D:6      | Reached XP level 9. HP: 86/89 MP: 8/8
  5119 | D:7      | Found a shadowy altar of Dithmenos.
  5272 | D:7      | Reached skill level 10 in Unarmed Combat
  5272 | D:7      | Reached XP level 10. HP: 104/104 MP: 8/10
  5432 | D:7      | Found Elaprif's Gadget Emporium.
  6296 | D:9      | Found a staircase to the Orcish Mines.
  6298 | D:9      | Noticed a cyclops
  6317 | D:9      | Killed a cyclops
  6317 | D:9      | Reached skill level 11 in Unarmed Combat
  6647 | D:9      | Noticed a cyclops
  6653 | D:9      | Reached XP level 11. HP: 113/113 MP: 11/11
  6907 | Orc:1    | Entered Level 1 of the Orcish Mines
  6936 | Orc:1    | Received a gift from Trog
  7239 | Orc:2    | Entered Level 2 of the Orcish Mines
  7262 | Orc:2    | Noticed an orc knight
  7262 | Orc:2    | Noticed an orc knight
  7269 | Orc:2    | Killed an orc knight
  7272 | Orc:2    | Killed an orc knight
  7292 | Orc:1    | Slain by an orc warrior

Skill      XL: |  1  2  3  4  5  6  7  8  9 10 11 |
---------------+----------------------------------+-----
Fighting       | 3 4 5 7 8 |  8.6
Unarmed Combat | 4 5 6 8 10 11 | 11.5
Dodging        | 3 4 5 7 |  7.7
Throwing       | 3 |  3.3
Armour         | 2 3 |  3.0
Evocations     | 2 |  2.6
Stealth        | |  0.2

Action                   |  1- 3 |  4- 6 |  7- 9 | 10-12 || total
-------------------------+-------+-------+-------+-------++-------
Melee: Unarmed           |    78 |   209 |   172 |   205 ||   664
       Punch             |     2 |     2 |     4 |    13 ||    21
Invok: Berserk           |     1 |     2 |     5 |     5 ||    13
       Burn Spellbooks   |       |       |     1 |     5 ||     6
       Brothers in Arms  |       |       |       |     2 ||     2
       Trog's Hand       |       |       |       |     1 ||     1
  Use: Scroll            |       |     7 |     7 |     1 ||    15
       Potion            |       |       |     1 |       ||     1
 Stab: Sleeping          |     1 |     3 |       |       ||     4
       Paralysed         |       |     2 |       |       ||     2
  Eat: Chunk             |    12 |    21 |    26 |    29 ||    88
       Pizza             |       |       |     1 |       ||     1
Armor: Animal skin       |    21 |   113 |    39 |    47 ||   220
       Troll hide        |       |       |       |    27 ||    27
Dodge: Dodged            |    46 |   141 |    82 |   143 ||   412
